[Event "Titled Tuesday Blitz March 14 Late 2023"]
[White "Duda, Jan-Krzysztof"]
[Black "Bortnyk, Olexandr"]
[WhiteFideId "1170546"]
[BlackFideId "14120828"]
[WhiteElo "2790"]
[BlackElo "2734"]
[Result "1-0"]
[Round "11"]
[TimeControl "180+2"]
[Date "2023.03.14"]
[WhiteClock "0:00:19"]
[BlackClock "0:00:02"]

1. e4 Nf6 2. e5 Nd5 3. d4 d6 4. Nf3 dxe5 5. Nxe5 c6 6. Bd3 Nd7 7. Nf3 N7f6 8. h3 Nb4 9. O-O Nxd3 10. Qxd3 g6 11. Re1 Bg7 12. Qe2 Bf5 13. Na3 O-O 14. c3 Re8 15. Bf4 b5 16. Be5 a5 17. Nc2 a4 18. Nb4 Qb6 19. Qe3 Rac8 20. Rad1 Be6 21. Rd2 Bc4 22. a3 Red8 23. Bf4 Re8 24. Ne5 Bd5 25. Bh6 Bh8 26. Qf4 Be6 27. Nbd3 Nd5 28. Qf3 Rcd8 29. Nc5 Bxe5 30. Nxe6 fxe6 31. Rxe5 Rd6 32. Rde2 Nc7 33. R2e4 Qb8 34. Rf4 Nd5 35. Rf7 Nf6 36. Rg7+ Kh8 37. Rxe7 Nd7 38. Bg7+ Kg8 39. Qf7# 1-0


[Site "https://www.chess.com"]

[Event "Titled Tuesday Blitz March 14 Late 2023"]
[White "Lazavik, Denis"]
[Black "Dubov, Daniil"]
[WhiteFideId "13515110"]
[BlackFideId "24126055"]
[WhiteElo "2560"]
[BlackElo "2802"]
[Result "0-1"]
[Round "11"]
[TimeControl "180+2"]
[Date "2023.03.14"]
[WhiteClock "0:00:01"]
[BlackClock "0:00:05"]

1. d4 Nf6 2. c4 e6 3. Nf3 d5 4. Nc3 c6 5. Bg5 h6 6. Bxf6 Qxf6 7. e3 g6 8. Be2 Bg7 9. O-O O-O 10. Ne5 Qd8 11. f4 c5 12. cxd5 exd5 13. Bf3 Be6 14. Qb3 cxd4 15. exd4 Nc6 16. Rad1 Ne7 17. Qxb7 Rb8 18. Qxa7 Rxb2 19. Qa3 Rb7 20. Rb1 Rxb1 21. Rxb1 Nf5 22. Qc5 Qh4 23. Ne2 Rc8 24. Qb4 Bf8 25. Qd2 Ra8 26. g3 Qe7 27. Nc3 Qa7 28. Bxd5 Nxd4 29. Kh1 Bxd5+ 30. Nxd5 Rd8 31. Qg2 Qa6 32. Rd1 Nf5 33. g4 Nh4 34. Qe4 Qxa2 35. Ne3 Qe2 36. Rg1 Rd2 0-1


[Site "https://www.chess.com"]

[Event "Titled Tuesday Blitz March 14 Late 2023"]
[White "Caruana, Fabiano"]
[Black "Sarana, Alexey"]
[WhiteFideId "2020009"]
[BlackFideId "24133795"]
[WhiteElo "2818"]
[BlackElo "2714"]
[Result "1-0"]
[Round "11"]
[TimeControl "180+2"]
[Date "2023.03.14"]
[WhiteClock "0:02:05"]
[BlackClock "0:02:20"]

1. e4 c5 2. Nf3 d6 3. d4 cxd4 4. Nxd4 Nf6 5. Bc4 a6 6. O-O e6 7. Re1 Be7 8. Bf1 b5 9. a4 b4 10. c3 bxc3 11. Nxc3 O-O 12. Be3 Bd7 13. f3 Nc6 14. Nxc6 Bxc6 15. Qd2 Qb8 16. b4 Qxb4 17. Reb1 Qa5 18. Nd5 Bd8 19. Qxa5 Bxa5 20. Ne7+ 1-0


[Site "https://www.chess.com"]

[Event "Titled Tuesday Blitz March 14 Late 2023"]
[White "Deac, Bogdan-Daniel"]
[Black "Bluebaum, Matthias"]
[WhiteFideId "1226380"]
[BlackFideId "24651516"]
[WhiteElo "2649"]
[BlackElo "2638"]
[Result "0-1"]
[Round "11"]
[TimeControl "180+2"]
[Date "2023.03.14"]
[WhiteClock "0:00:03"]
[BlackClock "0:00:05"]

1. d4 d5 2. c4 e6 3. Nf3 Nf6 4. Nc3 Bb4 5. cxd5 exd5 6. Bg5 h6 7. Bh4 O-O 8. e3 Bf5 9. Qb3 Bxc3+ 10. Qxc3 g5 11. Bg3 Ne4 12. Qa3 Nc6 13. Nd2 Nxg3 14. hxg3 Kg7 15. Be2 Ne7 16. Rc1 c6 17. g4 Bg6 18. f4 Qc7 19. O-O f5 20. Nf3 gxf4 21. Ne5 fxg4 22. Bxg4 fxe3 23. Qxe3 Qd6 24. Qh3 Be4 25. Be6 Qb4 26. Nf7 Qxd4+ 27. Kh1 Qd2 28. Rc3 Ng6 29. Rf2 Qxf2 30. Qxh6+ Kf6 31. Bh3 Rxf7 0-1


[Site "https://www.chess.com"]

[Event "Titled Tuesday Blitz March 14 Late 2023"]
[White "Makhnev, Denis"]
[Black "Garcia Pantoja, Roberto"]
[WhiteFideId "13707647"]
[BlackFideId "3509265"]
[WhiteElo "2525"]
[BlackElo "2544"]
[Result "1-0"]
[Round "11"]
[TimeControl "180+2"]
[Date "2023.03.14"]
[WhiteClock "0:00:19"]
[BlackClock "0:00:04"]

1. d4 Nf6 2. c4 e6 3. Nf3 d5 4. g3 Be7 5. Bg2 O-O 6. O-O dxc4 7. Qc2 a6 8. a4 Nc6 9. Qxc4 Na5 10. Qc2 b6 11. Ne5 Bb7 12. Bxb7 Nxb7 13. Nc6 Qe8 14. Bg5 h6 15. Nxe7+ Qxe7 16. Bxf6 Qxf6 17. Qxc7 Na5 18. Qxb6 Nc4 19. Qb4 Rfc8 20. Rc1 Rab8 21. Qc3 Rxb2 22. Qd3 Nd6 23. Rxc8+ Nxc8 24. Qxa6 Nb6 25. Qd3 Nd5 26. Nd2 Qd8 27. a5 Nb4 28. Qc3 Ra2 29. Rxa2 Nxa2 30. Qa3 Qd5 31. a6 Nc3 32. Qxc3 Qxd4 33. Qxd4 e5 34. Qd8+ 1-0


[Site "https://www.chess.com"]

[Event "Titled Tuesday Blitz March 14 Late 2023"]
[White "Nakamura, Hikaru"]
[Black "Kramnik, Vladimir"]
[WhiteFideId "2016192"]
[BlackFideId "4101588"]
[WhiteElo "2879"]
[BlackElo "2712"]
[Result "0-1"]
[Round "11"]
[TimeControl "180+2"]
[Date "2023.03.14"]
[WhiteClock "0:01:16"]
[BlackClock "0:00:49"]

1. f3 d5 2. Kf2 e5 3. e3 Nf6 4. d4 Bd6 5. c4 c6 6. cxd5 cxd5 7. Bb5+ Nc6 8. Nc3 O-O 9. Nge2 Re8 10. Re1 exd4 11. exd4 Ng4+ 12. fxg4 Qh4+ 13. g3 Qxh2+ 14. Kf3 h5 15. gxh5 Qxh5+ 16. Kf2 Qh2+ 17. Kf3 Bh3 18. Rg1 f5 19. g4 fxg4+ 20. Rxg4 Bxg4+ 21. Kxg4 Qg2+ 0-1


[Site "https://www.chess.com"]

[Event "Titled Tuesday Blitz March 14 Late 2023"]
[White "Daneshvar, Bardiya"]
[Black "Ruiz Castillo, Joshua Daniel"]
[WhiteFideId "12576468"]
[BlackFideId "4400704"]
[WhiteElo "2468"]
[BlackElo "2491"]
[Result "1-0"]
[Round "11"]
[TimeControl "180+2"]
[Date "2023.03.14"]
[WhiteClock "0:01:47"]
[BlackClock "0:01:08"]

1. d4 e6 2. c4 d5 3. Nc3 a6 4. cxd5 exd5 5. Nf3 c6 6. Bg5 Be7 7. Bxe7 Nxe7 8. e3 O-O 9. Be2 Nf5 10. O-O Nd6 11. b4 Bf5 12. a4 Nd7 13. a5 Bg4 14. Nd2 Bxe2 15. Qxe2 Qe7 16. Nb3 f5 17. Nc5 Nxc5 18. bxc5 Nb5 19. Qd2 Rf6 20. Ne2 g5 21. Nc1 f4 22. Nd3 Qe4 23. Ne5 fxe3 24. fxe3 Raf8 25. Rf3 g4 26. Rg3 h5 27. h3 Rf2 28. Qe1 Kh7 29. hxg4 h4 30. Rf3 1-0


[Site "https://www.chess.com"]

[Event "Titled Tuesday Blitz March 14 Late 2023"]
[White "Hansen, Eric"]
[Black "Naroditsky, Daniel"]
[WhiteFideId "2606771"]
[BlackFideId "2026961"]
[WhiteElo "2569"]
[BlackElo "2633"]
[Result "1-0"]
[Round "11"]
[TimeControl "180+2"]
[Date "2023.03.14"]
[WhiteClock "0:00:17"]
[BlackClock "0:00:21"]

1. d4 Nf6 2. Nc3 d5 3. Bf4 c5 4. e3 cxd4 5. exd4 Bg4 6. Be2 Bxe2 7. Ncxe2 Nc6 8. c3 e6 9. Qb3 Qb6 10. Qxb6 axb6 11. a3 b5 12. Rb1 Be7 13. Nf3 Nd7 14. O-O Nb6 15. Nc1 Nc4 16. Nd3 f6 17. Rfe1 Kf7 18. h3 Rhe8 19. Re2 Bf8 20. Rbe1 g5 21. Bxg5 fxg5 22. Nxg5+ Kg8 23. Nxe6 Re7 24. f4 Nd6 25. g4 Ne4 26. f5 h5 27. Ndf4 Rd7 28. Nxh5 Be7 29. Nef4 Bh4 30. Nxd5 Rxd5 31. Rxe4 Bxe1 32. Nf6+ Kf7 33. Nxd5 Bh4 34. Kg2 Rd8 35. Nc7 Na5 36. Ne6 Rd5 37. Nf4 Rd6 38. Re5 Nc4 39. Rxb5 b6 40. Ne6 Kf6 41. Kf3 Bg5 42. Nxg5 Kxg5 43. Kg3 Rc6 44. h4+ Kh6 45. Kf4 Nd6 46. Re5 Kg7 47. Re6 Kf7 48. h5 b5 49. h6 Rb6 50. g5 Nc4 51. g6+ Kg8 52. Re8# 1-0


[Site "https://www.chess.com"]

[Event "Titled Tuesday Blitz March 14 Late 2023"]
[White "Ibarra Jerez, Jose Carlos"]
[Black "Pranav, V"]
[WhiteFideId "2226332"]
[BlackFideId "25060783"]
[WhiteElo "2638"]
[BlackElo "2500"]
[Result "0-1"]
[Round "11"]
[TimeControl "180+2"]
[Date "2023.03.14"]
[WhiteClock "0:00:02"]
[BlackClock "0:01:43"]

1. e4 e5 2. Nf3 Nc6 3. Nc3 Nf6 4. h3 Bb4 5. Nd5 Bc5 6. c3 O-O 7. d3 Nxd5 8. exd5 Ne7 9. Nxe5 Nxd5 10. d4 Bb6 11. Be2 d6 12. Nc4 Re8 13. O-O Be6 14. a4 a6 15. Nxb6 Nxb6 16. a5 Nd5 17. Bf3 c6 18. Re1 Qf6 19. Bd2 h6 20. Ra3 Nc7 21. Kh2 Bd5 22. Bxd5 Nxd5 23. c4 Nc7 24. Rg3 Rxe1 25. Bxe1 d5 26. b3 Re8 27. Rf3 Qd6+ 28. g3 Re4 29. Bc3 Ne6 30. Rd3 Ng5 31. h4 Rxh4+ 32. Kg2 Re4 33. Qd2 Qe6 34. Kg1 Re2 35. Qc1 Nh3+ 36. Kh1 Nxf2+ 0-1


[Site "https://www.chess.com"]

[Event "Titled Tuesday Blitz March 14 Late 2023"]
[White "Martinez Alcantara, Jose Eduardo"]
[Black "Adewumi, Tanitoluwa"]
[WhiteFideId "3805662"]
[BlackFideId "30966396"]
[WhiteElo "2712"]
[BlackElo "2811"]
[Result "1-0"]
[Round "11"]
[TimeControl "180+2"]
[Date "2023.03.14"]
[WhiteClock "0:00:10"]
[BlackClock "0:00:03"]

1. e4 c5 2. Nf3 e6 3. c3 Nf6 4. Bd3 Nc6 5. Qe2 e5 6. Bc4 Be7 7. d3 O-O 8. Bg5 h6 9. Bxf6 Bxf6 10. Nbd2 d6 11. a4 Be6 12. O-O Na5 13. Bd5 Qd7 14. Qd1 Rab8 15. h3 Bd8 16. Re1 f5 17. Rb1 Bxd5 18. exd5 b6 19. b4 Nb7 20. Nc4 Bf6 21. Qb3 Rbe8 22. Ncd2 g5 23. Qc4 h5 24. Nh2 g4 25. hxg4 hxg4 26. Ndf1 Kg7 27. Qb5 Qf7 28. a5 Qxd5 29. Ne3 Qe6 30. axb6 axb6 31. Qxb6 Rf7 32. Qc6 Rh8 33. g3 Bg5 34. Nef1 f4 35. d4 fxg3 36. fxg3 Qf5 37. Rb2 cxd4 38. cxd4 exd4 39. Qe4 d5 40. Qxf5 Rxf5 41. Nxg4 Nd6 42. Kg2 Nc4 43. Ra2 d3 44. Ra7+ Rf7 45. Rxf7+ Kxf7 46. Ne5+ Kf6 47. Nxd3 Rb8 48. Re2 Ra8 49. Nh2 Ra3 50. Ng4+ Kf5 51. Ndf2 Nd6 52. Re5+ Kg6 53. Re6+ Kf5 54. Rxd6 Ra2 55. Rxd5+ Kg6 56. Rd6+ Kf5 57. b5 Be7 58. Rd5+ Ke6 59. Re5+ Kd6 60. Rf5 Bd8 61. Kh3 Ke6 62. Re5+ Kf7 63. Ne4 Bc7 64. Rf5+ Kg6 65. Rf6+ Kg7 66. Ng5 Bd8 67. Ne6+ Kg8 68. Rf8+ Kh7 69. Rxd8 Rb2 70. Rd7+ Kg6 71. Nf4+ Kf5 72. Rd5+ Ke4 73. Re5+ Kf3 74. Re3# 1-0


[Site "https://www.chess.com"]

[Event "Titled Tuesday Blitz March 14 Late 2023"]
[White "Van Foreest, Jorden"]
[Black "Oro, Faustino"]
[WhiteFideId "1039784"]
[BlackFideId "20000197"]
[WhiteElo "2633"]
[BlackElo "1984"]
[Result "1-0"]
[Round "11"]
[TimeControl "180+2"]
[Date "2023.03.14"]
[WhiteClock "0:02:05"]
[BlackClock "0:00:03"]

1. b3 d5 2. Bb2 Nf6 3. e3 c6 4. Nf3 Bf5 5. d4 e6 6. Nbd2 Bd6 7. a3 h6 8. Be2 O-O 9. O-O Nbd7 10. c4 Bh7 11. b4 Ne4 12. Nxe4 Bxe4 13. Nd2 Bh7 14. Rc1 Qe7 15. Nf3 Rfd8 16. Bd3 Rac8 17. Bxh7+ Kxh7 18. Qd3+ Kg8 19. e4 dxe4 20. Qxe4 Nf6 21. Qe2 Bb8 22. Rfd1 Qd6 23. Ne5 Nd7 24. f4 Qe7 25. Rd3 Nf8 26. Rg3 f6 27. Nd3 Qf7 28. Rf1 Re8 29. Re3 Rcd8 30. h3 a6 31. Bc3 Ba7 32. Nc5 Bxc5 33. bxc5 Rd7 34. Re1 Rde7 35. f5 Kh8 36. d5 cxd5 37. cxd5 e5 38. d6 Rd7 39. Rb1 Qd5 40. Bb4 Nh7 41. Rd3 Qc6 42. h4 e4 43. Rd4 a5 44. Bxa5 Qxc5 45. Bb6 Qxa3 46. Qb5 Nf8 47. Rdd1 e3 48. Bc5 Qa2 49. Re1 e2 50. Rb2 Qd5 51. Qb4 Qxf5 52. Rbxe2 Rxe2 53. Rxe2 Ne6 54. Bf2 Nf4 55. Re7 Nd3 56. Qd4 Ne5 57. Bg3 Nc6 58. Qe3 Kh7 59. Kh2 b5 60. Re8 b4 61. Qb6 Qd5 62. Qe3 Ne5 63. Qf4 Ng6 64. Qg4 Qb5 65. h5 Nh8 66. Qe4+ f5 67. Qe6 Rf7 68. Rxh8+ Kxh8 1-0


[Site "https://www.chess.com"]

[Event "Titled Tuesday Blitz March 14 Late 2023"]
[White "Steinberg, Nitzan"]
[Black "Aldokhin, Ivan"]
[WhiteFideId "2801795"]
[BlackFideId "24115720"]
[WhiteElo "2486"]
[BlackElo "2322"]
[Result "1-0"]
[Round "11"]
[TimeControl "180+2"]
[Date "2023.03.14"]
[WhiteClock "0:00:04"]
[BlackClock "0:00:02"]

1. Nf3 Nf6 2. g3 g6 3. Bg2 Bg7 4. O-O O-O 5. d4 d6 6. c4 Bf5 7. Nc3 Ne4 8. Nh4 Nxc3 9. bxc3 Bc8 10. a4 c6 11. Nf3 Nd7 12. a5 Nf6 13. Nd2 a6 14. Qb3 Qc7 15. e3 Be6 16. Ba3 Rab8 17. Rfb1 Qc8 18. Qc2 Bf5 19. e4 Bh3 20. c5 Bxg2 21. Kxg2 d5 22. e5 Ng4 23. Nf3 f6 24. h3 Nh6 25. exf6 exf6 26. Bc1 g5 27. h4 Qg4 28. Bd2 Nf5 29. Rh1 Rbe8 30. Rae1 Rxe1 31. Bxe1 Re8 32. h5 Re3 33. Qd1 Qe4 34. Bd2 Re2 35. Re1 Nh4+ 36. gxh4 Qg4+ 37. Kf1 Qxf3 38. Be3 Rxe1+ 39. Kxe1 Qxd1+ 40. Kxd1 gxh4 41. Ke2 Kf7 42. Kf3 f5 43. Kg2 Bf6 44. Kh3 Kg7 45. Bf4 h6 46. Bd6 Kf7 47. Bf4 Bg5 48. Be5 Ke6 49. f4 Be7 50. Bg7 Bf6 51. Bxh6 Bd8 52. Bg5 Bxa5 53. h6 Kf7 54. Kxh4 Kg6 55. Be7 Bxc3 56. h7 Kxh7 57. Kg5 a5 58. Kxf5 a4 59. Ke6 a3 60. f5 Bxd4 61. f6 a2 62. f7 Bg7 63. Bf6 a1=Q 64. Bxa1 Bf8 65. Bf6 1-0


[Site "https://www.chess.com"]

[Event "Titled Tuesday Blitz March 14 Late 2023"]
[White "Almeida Quintana, Omar"]
[Black "Kamsky, Gata"]
[WhiteFideId "3503313"]
[BlackFideId "2000024"]
[WhiteElo "2530"]
[BlackElo "2666"]
[Result "0-1"]
[Round "11"]
[TimeControl "180+2"]
[Date "2023.03.14"]
[WhiteClock "0:00:15"]
[BlackClock "0:00:15"]

1. d4 f5 2. Nc3 Nf6 3. Bf4 d6 4. e3 Be6 5. Bd3 c6 6. Nge2 g6 7. f3 Bg7 8. e4 fxe4 9. fxe4 Qb6 10. Qd2 Nbd7 11. O-O-O O-O-O 12. h3 Rhf8 13. Rhf1 Bg8 14. Be3 Qa5 15. Kb1 Kb8 16. Nc1 Qc7 17. Bh6 Bxh6 18. Qxh6 e5 19. dxe5 Nxe5 20. Rf2 Nfd7 21. Rdf1 Rxf2 22. Rxf2 Qb6 23. Rf1 a5 24. Qh4 Re8 25. Qf2 Qxf2 26. Rxf2 b5 27. N3e2 Kc7 28. Ng3 b4 29. b3 Nc5 30. Be2 Ne6 31. Nd3 Nd4 32. Nxe5 Rxe5 33. Bd3 Be6 34. Kc1 Bd7 35. Kd2 Re7 36. Ne2 Ne6 37. Nf4 Nd8 38. h4 Nf7 39. Ne2 Ne5 40. Nd4 Re8 41. Rf4 Kb6 42. Rf6 Kc5 43. Nf3 Be6 44. Nxe5 dxe5 45. Ke3 Re7 46. g3 Re8 47. Kf2 Kd4 48. Ke2 Kc3 49. Ke3 Kb2 50. Ba6 Kxa2 51. Bb7 Kb2 52. Bxc6 Re7 53. Bd5 Bxd5 54. exd5 Kxc2 55. Ra6 Kxb3 56. Rxa5 Kc4 57. Ke4 Rb7 58. Ra1 b3 59. Rc1+ Kb4 60. d6 b2 61. Rb1 Kc3 62. Kxe5 Kc2 63. Rxb2+ Rxb2 64. d7 Rb8 65. Ke6 Kd3 66. Ke7 Ke4 67. d8=Q Rxd8 68. Kxd8 Kf3 69. Ke7 Kxg3 0-1


[Site "https://www.chess.com"]

[Event "Titled Tuesday Blitz March 14 Late 2023"]
[White "Kozak, Adam"]
[Black "Garrido Dominguez, Jesus"]
[WhiteFideId "753246"]
[BlackFideId "2254174"]
[WhiteElo "2469"]
[BlackElo "2385"]
[Result "1-0"]
[Round "11"]
[TimeControl "180+2"]
[Date "2023.03.14"]
[WhiteClock "0:02:07"]
[BlackClock "0:02:04"]

1. e4 d6 2. d4 Nf6 3. Nc3 e5 4. Nge2 Be7 5. h3 O-O 6. Be3 d5 7. dxe5 Nxe4 8. Qxd5 Nxc3 9. Nxc3 Nc6 10. O-O-O Be6 11. Qxd8 Raxd8 12. Rxd8 Rxd8 13. f4 Bb4 14. a3 Bxc3 15. bxc3 b6 16. Bd3 Ne7 17. g4 Bd5 18. Re1 Bg2 19. Rg1 Bb7 20. c4 Nc6 21. Rd1 Na5 22. Bxh7+ 1-0


[Site "https://www.chess.com"]

[Event "Titled Tuesday Blitz March 14 Late 2023"]
[White "Chigaev, Maksim"]
[Black "Domingo Nunez, Ruben"]
[WhiteFideId "4108116"]
[BlackFideId "22245570"]
[WhiteElo "2547"]
[BlackElo "2404"]
[Result "0-1"]
[Round "11"]
[TimeControl "180+2"]
[Date "2023.03.14"]
[WhiteClock "0:00:03"]
[BlackClock "0:00:21"]

1. Nf3 g6 2. g3 Bg7 3. Bg2 Nf6 4. O-O O-O 5. c4 d6 6. Nc3 Nbd7 7. d3 c5 8. Rb1 Ne8 9. a3 Nc7 10. Bd2 Rb8 11. b4 b6 12. Qc1 Re8 13. Rd1 Bb7 14. h3 Ne6 15. e4 Nd4 16. Nxd4 Bxd4 17. Nb5 Ne5 18. Nxd4 cxd4 19. Be1 Nc6 20. b5 Na5 21. f4 f6 22. g4 e5 23. Bg3 Bc8 24. g5 Nb7 25. Rf1 fxg5 26. fxg5 Nc5 27. Qd2 Be6 28. Rf3 Qe7 29. Rbf1 Rf8 30. h4 Bg4 31. R3f2 Rxf2 32. Rxf2 Rf8 33. Bf1 Rf3 34. Rxf3 Bxf3 35. Kf2 Bxe4 36. Kg1 Bf5 37. Bg2 Bxd3 38. Bd5+ Kg7 39. h5 gxh5 40. Kh2 Be4 41. Bc6 Qf7 42. Qd1 Kg6 43. Qe2 Qf5 44. Be8+ Kg7 45. Qxh5 Ne6 46. Qh6+ Kg8 47. g6 hxg6 48. Bxg6 Qxg6 0-1


[Site "https://www.chess.com"]

[Event "Titled Tuesday Blitz March 14 Late 2023"]
[White "Subelj, Jan"]
[Black "Yuan, Qingyu"]
[WhiteFideId "14618583"]
[BlackFideId "8609772"]
[WhiteElo "2474"]
[BlackElo "2359"]
[Result "1/2-1/2"]
[Round "11"]
[TimeControl "180+2"]
[Date "2023.03.14"]
[WhiteClock "0:00:36"]
[BlackClock "0:00:03"]

1. e4 e5 2. Nc3 Nf6 3. f4 d5 4. fxe5 Nxe4 5. Qf3 Nc6 6. Bb5 Nxc3 7. dxc3 Qh4+ 8. g3 Qe4+ 9. Qxe4 dxe4 10. Bf4 Bd7 11. O-O-O O-O-O 12. Bc4 Bc5 13. Bxf7 Bg4 14. Re1 Bf2 15. Rf1 e3 16. h3 Bf5 17. Ne2 Rd2 18. Bxe3 Bxe3 19. Rxf5 Rxe2+ 20. Kb1 g6 21. Be6+ Kb8 22. Rf6 Nxe5 23. Rhf1 a5 24. a4 Bc5 25. Bb3 Bd6 26. c4 Re3 27. Re6 b6 28. Rd1 Rxg3 29. Rd5 Nc6 30. c3 Rf8 31. Ka2 Rf2 32. Rb5 Kb7 33. c5 Nd8 34. Bd5+ Kc8 35. Re8 Bxc5 36. Be6+ Kb7 37. Rxd8 c6 38. Rd7+ Kb8 39. Rd8+ Kc7 40. Rd7+ Kb8 41. Rd8+ Kb7 42. Rd7+ Kb8 1/2-1/2


[Site "https://www.chess.com"]

[Event "Titled Tuesday Blitz March 14 Late 2023"]
[White "Christiansen, Johan-Sebastian"]
[Black "Diaz Perez, Michel Alejandro"]
[WhiteFideId "1512668"]
[BlackFideId "3517179"]
[WhiteElo "2517"]
[BlackElo "2333"]
[Result "1-0"]
[Round "11"]
[TimeControl "180+2"]
[Date "2023.03.14"]
[WhiteClock "0:01:13"]
[BlackClock "0:00:09"]

1. e4 c6 2. d4 d5 3. Nd2 dxe4 4. Nxe4 Nd7 5. Nf3 Ngf6 6. Nxf6+ Nxf6 7. Bc4 Bg4 8. Bxf7+ Kxf7 9. Ne5+ Kg8 10. Nxg4 Qa5+ 11. c3 Qb5 12. a4 Qd5 13. O-O e6 14. Re1 Bd6 15. b3 Qf5 16. Nxf6+ gxf6 17. Qe2 Kf7 18. Be3 Rhg8 19. g3 h5 20. Rad1 h4 21. Qd3 Qh5 22. Qe4 hxg3 23. fxg3 Bxg3 24. hxg3 Rxg3+ 25. Kf1 Rg4 26. Qf3 Rag8 27. Ke2 Rg2+ 28. Bf2 Rxf2+ 29. Kxf2 Qh2+ 30. Ke3 Rg3 31. Qxg3 Qxg3+ 32. Kd2 Qf2+ 33. Re2 Qf3 34. Rde1 Qd5 35. Kc2 a5 36. Rf2 Qg5 37. Rfe2 Qf5+ 38. Kb2 b5 39. axb5 cxb5 40. Ka3 Qd5 41. Rd2 Qc6 42. Kb2 f5 43. d5 exd5 44. Re5 Kf6 45. Rexd5 Qe8 46. Rd6+ Kg5 47. Rg2+ Kf4 48. Rf2+ Kg5 49. Rd5 Qe4 50. Rxb5 Kg4 51. Rbxf5 1-0


[Site "https://www.chess.com"]

[Event "Titled Tuesday Blitz March 14 Late 2023"]
[White "Skvortsov, Andrei"]
[Black "Arabidze, Meri"]
[WhiteFideId "24108600"]
[BlackFideId "13604040"]
[WhiteElo "2259"]
[BlackElo "2405"]
[Result "1-0"]
[Round "11"]
[TimeControl "180+2"]
[Date "2023.03.14"]
[WhiteClock "0:02:11"]
[BlackClock "0:00:04"]

1. e4 c5 2. d4 cxd4 3. Qxd4 Nc6 4. Qd3 d6 5. Nf3 Nf6 6. Nc3 e6 7. Bf4 Be7 8. O-O-O e5 9. Bg5 O-O 10. Bxf6 Bxf6 11. Qxd6 Be6 12. Qxd8 Rfxd8 13. Bd3 Nd4 14. Nxd4 exd4 15. Ne2 a5 16. a3 Rab8 17. Bb5 Rbc8 18. Kb1 Rc5 19. a4 Bc4 20. Bxc4 Rxc4 21. b3 Rb4 22. Nc1 Rb6 23. Nd3 Be7 24. Nb2 Bb4 25. Rd3 Rf6 26. f3 Bc3 27. Rhd1 Rc8 28. Nc4 h5 29. Na3 Rg6 30. g3 h4 31. f4 hxg3 32. hxg3 Re8 33. e5 f6 34. exf6 gxf6 35. Nb5 Bb4 36. Nxd4 Rd8 37. c3 Bc5 38. Nf5 Rxd3 39. Rxd3 Bf2 40. Ne7+ Kf7 41. Nxg6 Kxg6 42. g4 Bc5 43. Rd5 b6 44. Rxc5 bxc5 45. b4 1-0


[Site "https://www.chess.com"]

[Event "Titled Tuesday Blitz March 14 Late 2023"]
[White "Gubajdullin, Alexei"]
[Black "Avila Pavas, Santiago"]
[WhiteFideId "4141202"]
[BlackFideId "4437128"]
[WhiteElo "2267"]
[BlackElo "2365"]
[Result "0-1"]
[Round "11"]
[TimeControl "180+2"]
[Date "2023.03.14"]
[WhiteClock "0:00:02"]
[BlackClock "0:00:23"]

1. d4 Nf6 2. Nf3 d5 3. Bf4 e6 4. e3 Bd6 5. Bg3 c5 6. Nbd2 Qc7 7. c3 Nbd7 8. Bb5 O-O 9. O-O e5 10. Bxd7 Nxd7 11. Nxe5 Nxe5 12. dxe5 Bxe5 13. Bxe5 Qxe5 14. Rc1 b6 15. b4 Rd8 16. bxc5 bxc5 17. Qa4 Bf5 18. Nb3 Rac8 19. Qxa7 Be4 20. f3 Bd3 21. Rfe1 Qd6 22. Rcd1 Bc4 23. e4 Qe5 24. exd5 Qxc3 25. Nxc5 Bxd5 26. Ne4 Bxe4 27. fxe4 Rxd1 28. Rxd1 Qc2 29. Qd4 h6 30. a4 Rc4 31. Qd8+ Kh7 32. Qd5 Rc5 33. Qd4 Rg5 34. Rd2 Qc1+ 35. Kf2 Rg6 36. e5 Rg5 37. Qe4+ g6 38. Re2 Rf5+ 39. Kg3 Qg5+ 40. Qg4 Qe7 41. a5 Rg5 42. a6 Qa3+ 43. Kh4 Rxg4+ 44. Kxg4 Qxa6 45. Rf2 Kg7 46. h4 Qc4+ 47. Rf4 Qd5 48. e6 Qxe6+ 49. Kg3 g5 50. hxg5 hxg5 51. Rg4 Kg6 52. Kh3 Kh5 53. Kh2 Qxg4 54. g3 Qf3 55. Kh3 Qh1# 0-1


[Site "https://www.chess.com"]

[Event "Titled Tuesday Blitz March 14 Late 2023"]
[White "Jaskolka, Tomasz"]
[Black "Averjanov, Alexey"]
[WhiteFideId "1170791"]
[BlackFideId "14109867"]
[WhiteElo "2155"]
[BlackElo "2727"]
[Result "1-0"]
[Round "11"]
[TimeControl "180+2"]
[Date "2023.03.14"]
[WhiteClock "0:00:16"]
[BlackClock "0:00:07"]

1. d4 d5 2. Bf4 Nf6 3. e3 e6 4. c3 c5 5. Nd2 Bd6 6. Bg3 Qc7 7. Ngf3 Nbd7 8. Bd3 O-O 9. Qe2 e5 10. dxe5 Nxe5 11. Nxe5 Bxe5 12. Bxe5 Qxe5 13. Nf3 Qe7 14. O-O-O Rb8 15. h3 b5 16. g4 b4 17. c4 Be6 18. Nh4 Rfd8 19. Nf5 Bxf5 20. Bxf5 a5 21. g5 Ne4 22. cxd5 c4 23. Rd4 Nd6 24. Bb1 a4 25. Bxh7+ Kf8 26. Bb1 a3 27. Qh5 Qe5 28. Qh8+ Ke7 29. Qh4 axb2+ 30. Kxb2 c3+ 31. Kc1 b3 32. axb3 Rxb3 33. Qf4 Qxf4 34. exf4 Ra8 35. Kc2 Raa3 36. Re1+ Kd7 37. Rc1 Rb2+ 38. Kd1 Rxf2 39. Bd3 Rd2+ 40. Ke1 Nf5 41. Bxf5+ Kd6 42. Rxd2 cxd2+ 43. Kxd2 Kxd5 44. Ke2 g6 45. Bg4 Kd4 46. Kf2 Ke4 47. Rc4+ Kd5 48. Rb4 Ra2+ 49. Kg3 Ra3+ 50. Bf3+ Kd6 51. Rb7 Ke6 52. Kg4 Ra1 53. h4 Rg1+ 54. Kh3 Rf1 55. Kg3 Rg1+ 56. Kf2 Rc1 57. Bg4+ Kd5 58. Rxf7 Ke4 59. Bf3+ Kd4 60. Rd7+ 1-0


[Site "https://www.chess.com"]

[Event "Titled Tuesday Blitz March 14 Late 2023"]
[White "Cardoso Cardoso, Jose Gabriel"]
[Black "Rodchenkov, Sergey D."]
[WhiteFideId "4430492"]
[BlackFideId "4168712"]
[WhiteElo "2496"]
[BlackElo "2277"]
[Result "1-0"]
[Round "11"]
[TimeControl "180+2"]
[Date "2023.03.14"]
[WhiteClock "0:00:05"]
[BlackClock "0:00:13"]

1. d4 d5 2. c4 dxc4 3. Nf3 Nf6 4. e3 e6 5. Bxc4 c5 6. O-O a6 7. Bd3 b5 8. b3 Bb7 9. Bb2 Nbd7 10. Nbd2 cxd4 11. Nxd4 Be7 12. Be2 O-O 13. a4 bxa4 14. Rxa4 Nc5 15. Ra1 Nd5 16. Nc4 Rc8 17. Bf3 Ba8 18. Qe2 Qc7 19. Rfd1 Qb8 20. Na5 Bd8 21. Rdb1 Bc7 22. g3 Bd6 23. Kg2 Rfd8 24. Rc1 Be7 25. Ba3 Qb6 26. Nc4 Qb8 27. Rab1 Bf8 28. Na5 Qb6 29. Nc4 Qb8 30. h4 h6 31. h5 Nd7 32. Bxf8 Rxf8 33. Rc2 Ne5 34. Nxe5 Qxe5 35. Rxc8 Rxc8 36. Qxa6 Rb8 37. Qd3 Nf6 38. Nc6 Bxc6 39. Bxc6 Qxh5 40. Bf3 Qc5 41. Ra1 Qb4 42. Rb1 g5 43. Be2 Kg7 44. Qc4 Qd6 45. Bf3 Rb4 46. Qc3 g4 47. Be2 Qd5+ 48. Kg1 Qd6 49. Rd1 Qb6 50. Bc4 Kg6 51. Rd4 h5 52. Rf4 Ne8 53. Bd3+ f5 54. Rxb4 1-0


[Site "https://www.chess.com"]